 Dungeon Crawl Stone Soup version 0.29-a0-284-gf9362112df (webtiles) character file.

Game seed: 16969698333717948082

666 spaghetti the Covert (level 7, -9/61 HPs)
             Began as a Deep Dwarf Delver on Mar 25, 2022.
             Was an Initiate of Trog.
             Mangled by Harold
             ... wielding a +0 mace
              (15 damage)
             ... on level 9 of the Dungeon.
             The game lasted 00:05:34 (1422 turns).

spaghetti the Covert (Deep Dwarf Delver)            Turns: 1422, Time: 00:05:35

Health: -9/61      AC:  6    Str: 15    XL:     7   Next: 31%
Magic:  4/4        EV: 12    Int: 11    God:    Trog [......]
Gold:   76         SH:  0    Dex: 16    Spells: 6/6 levels left

rFire   . . .      SeeInvis .   l - +6 battleaxe {axe}
rCold   . . .      Faith    .   (shield currently unavailable)
rNeg    . . .      Spirit   .   f - +0 acid dragon scales
rPois   .          Reflect  .   (no helmet)
rElec   .          Harm     .   (no cloak)
rCorr   +          Rampage  .   (no gloves)
Will    +....                   (no boots)
Stlth   +++++.....              (no amulet)
HPRegen 0.00/turn               (no ring)
MPRegen 0.09/turn               (no ring)

@: marked, hasted, very quick
A: damage resistance, heal wounds, sense surroundings 1, no regeneration
a: Heal Wounds, Renounce Religion


You were on level 9 of the Dungeon.
You worshipped Trog.
Trog was noncommittal.
You visited 2 branches of the dungeon, and saw 8 of its levels.

You collected 76 gold pieces.


Innate Abilities, Weirdness & Mutations

You are resistant to damage.
You can heal yourself by infusing magical energy.
You passively map a small area around you.
You do not regenerate.


   Skills:
 - Level 2.6 Fighting
 - Level 1.7 Short Blades
 - Level 2.1 Dodging
 + Level 12.0 Stealth


You had 6 spell levels left.
You didn't know any spells.
Your spell library was empty.

Inventory:

Hand Weapons
 a - a +0 short sword {short}
 l - a +6 battleaxe (weapon) {axe}
   (You took it off a wight on level 8 of the Dungeon)
Missiles
 h - 16 stones {throwing}
 j - 4 poisoned darts {throwing}
 k - 2 boomerangs of dispersal {=f!fthrowing}
Armour
 b - a +2 leather armour
 f - +0 acid dragon scales (worn)
   (You found it on level 8 of the Dungeon)
 m - a +0 pair of gloves
   (You found it on level 8 of the Dungeon)
Jewellery
 e - an amulet of guardian spirit
   (You found it on level 6 of the Dungeon)
Wands
 g - a wand of digging (3)
 i - a wand of iceblast (7)
   (You found it on level 4 of the Dungeon)
Scrolls
 c - a scroll of fog
 d - a scroll of magic mapping {!r}
Potions
 n - a potion of attraction {!q}

Dungeon Overview and Level Annotations

Branches:
Dungeon (10/15)            Temple (1/1) D:5
   Lair: D:8-11         Orc: D:9-12

Altars:
Ashenzari
Cheibriados
Elyvilon
Fedhas
Gozag
Hepliaklqana
Makhleb
Nemelex Xobeh
Okawaru
Qazlal
Ru
Trog
Uskayaw
Vehumet
Wu Jian
Xom
Zin
The Shining One

Portals:
Sewer: D:6

Annotations:
D:5 exclusion: orc
D:9 Harold

.#.###.# ####.#.........# #...#
.#..##.# #....#.........###.#####
.##.##.# #.####<.)......#...# #<#
.##.##.###.####.........#.### #.#
.##.#........##.........#.### #.#
.............##.........#.#.###.#
.............##.........#.#.....#
........z....##.........#.#.#####
.............##)@.......#.#.#
................@.......#...#
#............##.........#####
#.....####.####.........
...##.#**#.#* ########## ........
..! * ..##########. * ..# ,,,, ..
, , , ,,


You could see Harold.


Message History

Trog accepts your kill.
Things that are here:
a +0 shortbow {bow}; a scroll of identify {@r1}; a centaur corpse Harold shouts!
Harold barely misses you.
You hit Harold. Harold hits you with a +0 mace!
Harold hits you but does no damage. 😕 HP[-5]
You take 5 damage, and now have 55/61 hp.
You slash Harold!
Harold hits you with a +0 mace! 😕 HP[-5]
You take 5 damage, and now have 50/61 hp.
You slash Harold! Harold hits you with a +0 mace!
The wight completely misses you.
Harold hits you with a +0 mace! 😮 HP[-16]
You take 16 damage, and now have 34/61 hp.
MASSIVE DAMAGE!! (PAUSE)
Your magical essence is drained by the effort!
You feel much better. The wight misses you.
Harold hits you with a +0 mace. 😕 HP[+14] MP[-1]
You regained 14 hp, and now have 48/61 hp.
Unknown command.
You barely miss the wight. You closely miss Harold.
The wight hits you with a +0 morningstar!
You feel drained. Harold barely misses you. The wight barely misses you.
Harold hits you with a +0 mace! 😮 HP[-15]
You now have 60 max hp (-1).
You take 15 damage, and now have 33/60 hp.
MASSIVE DAMAGE!! (PAUSE)
You closely miss the wight. You slash Harold! The wight misses you.
Harold hits you with a +0 mace!!
* * * LOW HITPOINT WARNING * * *
The wight hits you with a +0 morningstar!
* * * LOW HITPOINT WARNING * * *
Harold hits you with a +0 mace!
* * * LOW HITPOINT WARNING * * *
😱 HP[-30]
You take 30 damage, and now have 3/60 hp.
MASSIVE DAMAGE!! (PAUSE)
You feel much better. The wight barely misses you.
Harold hits you with a +0 mace!
* * * LOW HITPOINT WARNING * * *
😨 HP[+15]
You regained 15 hp, and now have 18/60 hp.
Unknown command.
You feel yourself speed up. Harold hits you with a +0 mace!
* * * LOW HITPOINT WARNING * * *
The wight barely misses you. 😱 HP[-7]
You take 7 damage, and now have 11/60 hp.
Okay, then.
Your magical essence is drained by the effort!
You feel much better. 😮 HP[+27] MP[-1]
You regained 27 hp, and now have 38/60 hp.
Unknown command.
You slash the wight! You slash Harold! The wight closely misses you.
Harold points at you and mumbles some strange words.
You barely resist. You slash the wight!
You destroy the wight!
Trog accepts your kill.
You closely miss Harold.
Harold points at you and mumbles some strange words.
A sentinel's mark forms upon you.
Your life force feels restored.
Your Stealth skill increases to level 12!
You now have 61 max hp (+1).
You slash Harold!
Harold drinks a potion.
Harold is healed!
You hit Harold. Harold hits you but does no damage.
Harold says, "Bounty hunting has been great, but I can't wait to retire."
Harold hits you with a +0 mace!
* * * LOW HITPOINT WARNING * * *
😨 HP[-8]
You take 8 damage, and now have 30/61 hp.
You barely miss Harold. Harold closely misses you.
You slice Harold!! Harold hits you with a +0 mace!
* * * LOW HITPOINT WARNING * * *
😨 HP[-8]
You take 8 damage, and now have 22/61 hp.
You hit Harold. Harold hits you with a +0 mace!
* * * LOW HITPOINT WARNING * * *
😱 HP[-8]
You take 8 damage, and now have 14/61 hp.
You slash Harold! Harold closely misses you.
You hit Harold. Harold hits you with a +0 mace.
A yak comes into view.
Unknown command.
You hit Harold but do no damage. Harold hits you with a +0 mace!
* * * LOW HITPOINT WARNING * * *
😱 HP[-8]
You take 8 damage, and now have 6/61 hp.
You slash Harold! Harold casts a spell at you.
The mark upon you grows brighter. Harold hits you with a +0 mace!
You die...

Skill      XL: |  1  2  3  4  5  6  7 |
---------------+----------------------+-----
Stealth        | 8 9 10 11 12 | 12.0
Fighting       | |  2.6
Short Blades   | |  1.7
Dodging        | |  2.1

Action                   |  1- 3 |  4- 6 |  7- 9 || total
-------------------------+-------+-------+-------++-------
Melee: Short sword       |    23 |     3 |       ||    26
       Battleaxe         |       |    11 |    21 ||    32
 Abil: Heal Wounds       |     1 |     4 |     4 ||     9
Evoke: Wand              |       |     5 |       ||     5
  Use: Scroll            |       |     4 |     1 ||     5
       Potion            |       |     2 |     1 ||     3
 Stab: Sleeping          |     3 |     3 |     1 ||     7
Armor: Leather armour    |     2 |    10 |       ||    12
       Acid dragon scale |       |       |     7 ||     7
Dodge: Dodged            |     9 |    29 |    18 ||    56

Levels and vault maps discovered:
D:4:      layout_loops_ring, corexii_hall_statues_x, grunt_decor_one_mirror,
          kennysheep_generic_room_15
D:5:      layout_layer_cave, minmay_temple_entry_drinking_statues,
          uniq_crazy_yiuf_cottage
D:6:      layout_basic, led_sif_pool, cheibrodos_sewer_entry_sluice,
          st_stairs_10, guppyfry_early_elven_hall
D:7:      nzn_winding_woodlands_large [nzn_winding_woodlands_5x5_checkerboard,
          nzn_winding_woodlands_5x15_lazy_stream,
          nzn_winding_woodlands_5x5_closed_star,
          nzn_winding_woodlands_center_pierced_h,
          nzn_winding_woodlands_15x15_thick_spiral,
          nzn_winding_woodlands_center_garden,
          nzn_winding_woodlands_5x5_open_star,
          nzn_winding_woodlands_5x15_sawtooth, nzn_winding_woodlands_hourglass],
          layout_loops_ring, kennysheep_cluttered_room,
          nicolae_shop_overcharged_wands
D:8:      layout_loops_ring, enter_bailey_4, uniq_erica
D:9:      minmay_general_purpose_star, layout_basic, minmay_fountain_box,
          minivault_25, kennysheep_crisscross, uniq_gastronok, uniq_harold
D:10:     layout_layer_cave, erik_lair_island, zombieorc2_lemuel, serial_shops,
          nicolae_shop_crystal
Temple:   dpeg_three_leaves_temple

Notes
Turn   | Place    | Note
-------+----------+-------------------------------------------
     0 | D:5      | spaghetti the Deep Dwarf Delver began the quest for the
                  | Orb.
     0 | D:5      | Reached XP level 1. HP: 20/20 MP: 1/1
     0 | D:5      | magus.rc [v1.9.6]
    43 | D:5      | Found a staircase to the Ecumenical Temple.
    52 | Temple   | Entered the Ecumenical Temple
    84 | Temple   | Became a worshipper of Trog the Wrathful
   108 | D:5      | Noticed a phantom
   136 | D:6      | Noticed a gnoll shaman
   192 | D:5      | Noticed an orc priest
   416 | D:5      | Noticed a sky beast
   426 | D:5      | HP: 2/20 [something (4)]
   431 | D:5      | Killed a sky beast
   432 | D:5      | Reached skill level 8 in Stealth
   432 | D:5      | Reached XP level 2. HP: 9/27 MP: 2/2
   432 | D:5      | Reached XP level 3. HP: 11/33 MP: 3/3
   432 | D:5      | Reached XP level 4. HP: 14/40 MP: 4/4
   493 | D:6      | Noticed a kobold brigand
   513 | D:6      | Found a glowing drain.
   545 | D:7      | Noticed an ice beast
   545 | D:7      | Noticed a bullfrog
   614 | D:8      | Noticed a bullfrog
   617 | D:8      | Killed a bullfrog
   618 | D:8      | Reached skill level 9 in Stealth
   618 | D:8      | Reached XP level 5. HP: 46/46 MP: 5/5
   772 | D:8      | HP: 8/42 [wight/+6 battleaxe (12)]
   779 | D:8      | Reached skill level 10 in Stealth
   779 | D:8      | Reached XP level 6. HP: 27/55 MP: 5/5
   808 | D:7      | Killed an ice beast
   837 | D:8      | Noticed an acid dragon
   864 | D:8      | HP: 13/55 [shadow imp/nerve-wracking pain (11)]
   871 | D:8      | Killed an acid dragon
   872 | D:8      | Reached skill level 11 in Stealth
   872 | D:8      | Reached XP level 7. HP: 37/61 MP: 6/6
   933 | D:10     | Entered Level 10 of the Dungeon
  1091 | D:9      | Noticed a kobold demonologist
  1224 | D:9      | Noticed Harold
  1263 | D:9      | Noticed a kobold demonologist
  1408 | D:9      | HP: 11/60 [wight/+0 morningstar (5)]
  1408 | D:9      | HP: 3/60 [Harold/+0 mace (8)]
  1414 | D:9      | Reached skill level 12 in Stealth
  1418 | D:9      | HP: 14/61 [Harold/+0 mace (8)]
  1420 | D:9      | Noticed a yak
  1421 | D:9      | HP: 6/61 [Harold/+0 mace (8)]
  1422 | D:9      | Mangled by Harold

Vanquished Creatures
  An acid dragon (D:8)
  An ice beast (D:7)
  A sky beast (D:5)
  A centaur (D:9)
  2 bullfrogs
  3 wights
  A shadow imp (D:8)
  2 orcs
  A ball python (D:8)
  A quokka (D:4)
  A goblin (D:4)
15 creatures vanquished.

Table legend:
 A = Non-vault XP
 B = Vault XP
 C = Vault XP percentage of total XP
 D = Non-vault monster count
 E = Vault monster count
 F = Vault count percentage of total count
                 A         B        C        D         E       F
            +---------+---------+-------+---------+---------+-------
      Total |     878 |      74 |   7.8 |      12 |       3 |  20.0
            +---------+---------+-------+---------+---------+-------
        D:4 |       4 |       2 |  33.3 |       2 |       1 |  33.3
        D:5 |     132 |       0 |   0.0 |       1 |       0 |   0.0
        D:7 |     221 |       0 |   0.0 |       2 |       0 |   0.0
        D:8 |     399 |       2 |   0.5 |       5 |       1 |  16.7
        D:9 |     122 |      70 |  36.5 |       2 |       1 |  33.3
            +---------+---------+-------+---------+---------+-------

Illustrated notes

Table legend:
 A = Kills in this place as a percentage of kills in entire the game.
 B = Kills by you in this place as a percentage of kills by you in the entire game.
 C = Kills by friends in this place as a percentage of kills by friends in the entire game.
 D = Other kills in this place as a percentage of other kills in the entire game.
 E = Experience gained in this place as a percentage of experience gained in the entire game.
 F = Experience gained in this place divided by the number of levels of this place that you have seen.
                   A       B       C       D       E      F
               +-------+-------+-------+-------+-------+----------------------
         Total | 100.0 | 100.0 |   N/A |   N/A | 100.0 | 119.0
       Dungeon | 100.0 | 100.0 |   N/A |   N/A | 100.0 | 136.0
               +-------+-------+-------+-------+-------+----------------------

Table legend: (Time is in decaauts)
 A = Elapsed time spent in this place.
 B = Non-inter-level travel time spent in this place.
 C = Inter-level travel time spent in this place.
 D = Time resting spent in this place.
 E = Time spent auto-exploring this place.
 F = Levels seen in this place.
 G = Mean time per level.
                   A        B        C        D        E       F      G
               +--------+--------+--------+--------+--------+-----+--------+
         Total |   1423 |   1296 |    127 |      0 |    735 |   8 |  177.9 |
       Dungeon |   1385 |   1264 |    121 |      0 |    711 |   7 |  197.9 |
        Temple |     38 |     32 |      6 |      0 |     24 |   1 |   38.0 |
               +--------+--------+--------+--------+--------+-----+--------+

Top non-repeatable levels by time:
     D:8: 486 daAuts
     D:9: 324 daAuts
     D:5: 258 daAuts
     D:4: 143 daAuts
     D:6: 106 daAuts
    D:10: 39 daAuts
  Temple: 38 daAuts
     D:7: 25 daAuts
